 Dungeon Crawl Stone Soup version 0.29-a0-289-g2178c42546 (webtiles) character file.

Game seed: 3316314974659083126

88 Dabor the Skirmisher (level 4, -1/38 HPs)
             Began as a Palentonga Fighter on Mar 16, 2022.
             Slain by an orc wizard
             ... wielding a +1 dagger of protection
              (5 damage)
             ... on level 3 of the Dungeon.
             The game lasted 00:03:57 (2077 turns).

Dabor the Skirmisher (Palentonga Fighter)           Turns: 2077, Time: 00:03:57

Health: -1/38      AC:  6    Str: 21    XL:     4   Next: 29%
Magic:  4/4        EV:  7    Int:  8    God:
Gold:   161        SH:  0    Dex: 10    Spells: 3/3 levels left

rFire   . . .      SeeInvis +   a - +0 war axe
rCold   . . .      Faith    .   c - +0 buckler
rNeg    . . .      Spirit   .   b - +0 scale mail
rPois   .          Reflect  .   (no helmet)
rElec   .          Harm     .   i - scarf {repulsion}
rCorr   .          Rampage  .   (no gloves)
Will    .....      Rage     1%  (no barding)
Stlth   ..........              (no amulet)
HPRegen 0.12/turn               (no ring)
MPRegen 0.09/turn               (no ring)

@: confused, mighty, brilliant, repel missiles
A: large, rugged brown scales 3, see invisible, deformed body, roll 1, armoured
tail, berserk 1, sense surroundings 1
a: Rolling Charge


You were on level 3 of the Dungeon.
You visited 1 branch of the dungeon, and saw 3 of its levels.

You collected 161 gold pieces.

Inventory:

Hand Weapons
 a - a +0 war axe (weapon)
Missiles
 f - a throwing net
Armour
 b - a +0 scale mail (worn)
 c - a +0 buckler (worn)
 i - a scarf of repulsion (worn)
Jewellery
 j - a ring of wizardry
Wands
 n - a wand of flame (20)
Scrolls
 h - a scroll of immolation
 o - a scroll of amnesia {unknown}


   Skills:
 + Level 3.6 Fighting
 + Level 2.8 Axes
 + Level 3.0 Armour
 + Level 0.0 Dodging
 - Level 3.0 Shields


You had 3 spell levels left.
You didn't know any spells.
Your spell library contained the following spells:

 Spells                   Type           Power      Damage    Failure   Level
 Sting                    Tmut/Pois      0%         1d3       82%         1
 Poisonous Vapours        Pois/Air       0%         N/A       91%         2
 Olgreb's Toxic Radiance  Pois           0%         N/A       100%        4


Dungeon Overview and Level Annotations

Branches:
Dungeon (3/15)

Altars:


Innate Abilities, Weirdness & Mutations

You are completely covered in rugged brown scales. (AC +3, +7% HP)
You have supernaturally acute eyesight. (SInv)
Armour fits poorly on your strangely shaped body.
You can roll at nearby foes to attack.
You have a long armoured tail.
You tend to lose your temper in combat.
You passively map a small area around you.


Message History

You feel a little pissed off.
The orc wizard hits you but does no damage.
The orc hits you but does no damage.
The orc wizard hits you but does no damage.
As you read the scroll labelled LOIBEZAMIPT, it crumbles to dust.
You cannot blink because you are held in place by your roots.
It was a scroll of blinking.
The orc wizard hits you with a +0 dagger.
* * * LOW HITPOINT WARNING * * *
The orc wizard gestures at you while chanting.
The magic dart hits you but does no damage.
The orc hits you but does no damage.
As you read the scroll labelled NYBLEE CAERUPP, it crumbles to dust.
You assume a fearsome visage.
The orc looks frightened!
The orc wizard looks frightened!
The orc looks frightened!
The orc wizard looks frightened!
It was a scroll of fear.
The orc wizard gestures wildly while chanting.
The orc wizard flickers and vanishes for a moment.
Okay, then.
You feel very mighty all of a sudden.
Your transformation is almost over.
You feel less wooden.
Your scarf of repulsion unmelds from your body.
Your +0 scale mail unmelds from your body.
You are surrounded by a repulsion field.
You see here 15 stones.
You see here a +0 dagger.
The orc wizard casts a spell at you. You resist with some effort.
The orc wizard points at you and mumbles some strange words.
You are confused.
There's nothing you can charge at!
Unknown command.
You are too confused!
You bump into the rock wall.
The orc wizard hits you with a +1 dagger of protection.
* * * LOW HITPOINT WARNING * * *
You miss the orc wizard.
The orc wizard hits you with a +1 dagger of protection.
You die...

.# #.### .# #...#
## #.#)# * # #.#.#
# #...# ## ###.#
.# #.# .# #.# .#
#@# .##### #o#
.....# #.# .....#
#.#
.##.(###########.#
.#...............#
......[###########
##.....# , #.....#
*


You could see an orc wizard (invisible).

Vanquished Creatures
  Terence (D:2)
  2 adders (D:2)
  A worm (D:2)
  2 dart slugs
  An orc (D:3)
  A ball python (D:1)
  5 endoplasms
  A giant cockroach (D:1)
  3 goblins
  6 hobgoblins
  A quokka (D:1)
  A bat (D:1)
  5 frilled lizards
  2 kobolds
  5 rats
37 creatures vanquished.

Notes
Turn   | Place    | Note
-------+----------+-------------------------------------------
     0 | D:1      | Dabor the Palentonga Fighter began the quest for the Orb.
     0 | D:1      | Reached XP level 1. HP: 19/19 MP: 1/1
   384 | D:1      | Reached XP level 2. HP: 19/25 MP: 2/2
  1221 | D:2      | Reached XP level 3. HP: 31/31 MP: 3/3
  1261 | D:2      | Noticed Terence
  1270 | D:2      | Killed Terence
  1486 | D:2      | Reached XP level 4. HP: 37/37 MP: 4/4
  2050 | D:3      | Gained mutation: You passively map a small area around you.
                  | [potion of mutation]
  2050 | D:3      | Gained mutation: You tend to lose your temper in combat.
                  | [potion of mutation]
  2077 | D:3      | Slain by an orc wizard

Illustrated notes

Levels and vault maps discovered:
D:1:      amcnicky_arrival_underground_garden, layout_basic
D:2:      layout_rooms, minmay_crystal_room, uniq_terence
D:3:      layout_loops_ring, ebering_ecumenical_altar_mist, corner_web_ring

Skill      XL: |  1  2  3  4 |
---------------+-------------+-----
Shields        | 3 |  3.0
Armour         | 3 |  3.0
Fighting       | |  3.6
Axes           | |  2.8

Action                   |  1- 3 |  4- 6 || total
-------------------------+-------+-------++-------
Melee: War axe           |    81 |    24 ||   105
       Tailslap          |     9 |     3 ||    12
 Abil: Rolling Charge    |    19 |     7 ||    26
  Use: Scroll            |     3 |     2 ||     5
       Potion            |     1 |     4 ||     5
Armor: Scale mail        |    39 |    19 ||    58
       Skin              |       |     8 ||     8
Dodge: Dodged            |    29 |    15 ||    44
       Repelled          |     3 |       ||     3
Block: Buckler           |    21 |     2 ||    23

Table legend: (Time is in decaauts)
 A = Elapsed time spent in this place.
 B = Non-inter-level travel time spent in this place.
 C = Inter-level travel time spent in this place.
 D = Time resting spent in this place.
 E = Time spent auto-exploring this place.
 F = Levels seen in this place.
 G = Mean time per level.
                   A        B        C        D        E       F      G
               +--------+--------+--------+--------+--------+-----+--------+
         Total |   2119 |   2012 |    107 |      0 |   1690 |   3 |  706.3 |
       Dungeon |   2119 |   2012 |    107 |      0 |   1690 |   3 |  706.3 |
               +--------+--------+--------+--------+--------+-----+--------+

Top non-repeatable levels by time:
     D:1: 1227 daAuts
     D:2: 648 daAuts
     D:3: 244 daAuts
